AoeStats
← Itz VJ

Arabia

509918394Analyzed
2v2 RM · 5d ago on Sep 28, 2026· 35m 52s· 4 players
Game mode
Random Map
Map size
Medium (4 player)
Population
200
Speed
Normal
Resources
Standard
Victory
Conquest
Starting age
Dark Age
Ending age
Imperial Age
RankedLock teamsTeams togetherTeam positionsShared explorationLock speedFull tech treeHidden civsTurbo modeCheats
Victory
Defeat
🇨🇱 Varangians · Chile
1255
+13
🇨🇱 Maya · Chile
1201
+15
🇮🇳 Teutons · India
1194
-14
🇮🇳 Franks · India
1192
-14
gane
6:10 Loom
8:56 Feudal Age
9:56 Double-Bit Axe
17:09 Wheelbarrow
17:37 Scale Barding Armor
20:54 Castle Age
20:18 Forging
22:18 Chain Barding Armor
22:30 Bow Saw
33:39 Stone Mining
33:40 Gold Mining
Itz VJ
6:36 Loom
10:24 Feudal Age
11:26 Double-Bit Axe
12:39 Horse Collar
24:25 Castle Age
22:42 Padded Archer Armor
22:44 Fletching
24:31 Elite Skirmisher
26:28 Bow Saw
26:26 Heavy Plow
29:11 Wheelbarrow
31:19 Bloodlines
31:21 Scale Barding Armor
31:12 Bodkin Arrow
31:34 Leather Archer Armor
33:06 Chain Barding Armor
32:57 Forging
35:43 Iron Casting
Smitty
0:26 Loom
9:22 Feudal Age
9:52 Double-Bit Axe
11:39 Wheelbarrow
13:00 Fletching
20:02 Castle Age
19:20 Scale Mail Armor
21:10 Bodkin Arrow
21:32 Crossbowman
24:24 Pikeman
27:58 Squires
27:43 Arson
30:05 Town Watch
30:39 Chain Mail Armor
30:39 Forging
33:31 Iron Casting
34:09 Ballistics
Coyote
5:42 Loom
8:49 Feudal Age
9:52 Double-Bit Axe
11:09 Horse Collar
18:07 Wheelbarrow
21:17 Castle Age
19:25 Gold Mining
19:42 Scale Barding Armor
21:02 Forging
21:05 Bloodlines
22:21 Bow Saw
22:31 Husbandry
22:53 Chain Barding Armor
24:57 Iron Casting
31:18 Heavy Plow
31:07 Town Watch
33:05 Hand Cart
33:36 Fletching
35:20 Bodkin Arrow
35:31 Vendel Legacy
Connection lost

Rejoining the realm…

Still unreachable

The connection could not be restored.

Session expired

The server has moved on; the page needs a fresh start.